 Dungeon Crawl Stone Soup version 0.30-a0-578-gdee14c521f (webtiles) character file.

Game seed: 1958031096152227705

1056 Newt the Cutter (level 8, -1/60 HPs)
             Began as a Demonspawn Gladiator on Dec 31, 2022.
             Was a Believer of Okawaru.
             Slain by an orc warrior
             ... wielding a +0 glaive
              (16 damage)
             ... on level 6 of the Dungeon.
             The game lasted 00:07:44 (6657 turns).

Newt the Cutter (Demonspawn Gladiator)              Turns: 6657, Time: 00:07:45

Health: -1/60      AC:  6    Str: 16    XL:     8   Next: 6%
Magic:  8/8        EV: 15    Int: 10    God:    Okawaru [**....]
Gold:   322        SH:  5    Dex: 15    Spells: 7/7 levels left

rFire   . . .      SeeInvis .    d - +2 quick blade (freeze)
rCold   + + .      Faith    .    r - +0 buckler
rNeg    . . .      Spirit   .    b - +1 leather armour
rPois   .          Reflect  .    p - +2 hat
rElec   .          Harm     .    (no cloak)
rCorr   +          Rampage  .    (no gloves)
Will    .....                    (no boots)
Stlth   ++                       (no amulet)
HPRegen 0.30/turn                h - ring of resist corrosion
MPRegen 0.11/turn                q - ring of protection from cold

@: no status effects
A: claws 1, repulsion field 2, cold resistance 1
a: Renounce Religion, Heroism


You were on level 6 of the Dungeon.
You worshipped Okawaru.
Okawaru was pleased with you.
You visited 1 branch of the dungeon, and saw 6 of its levels.

You collected 322 gold pieces.

Inventory:

Hand Weapons
 a - a +0 rapier
 d - a +2 quick blade of freezing (weapon)
 e - a +2 dagger of venom
Missiles
 i - a javelin
 m - 21 poisoned darts (quivered)
 y - 4 throwing nets
Armour
 b - a +1 leather armour (worn)
 c - a +0 helmet
 p - a +2 hat (worn)
 r - a +0 buckler (worn)
Jewellery
 h - a ring of resist corrosion (left claw)
 q - a ring of protection from cold (right claw)
 u - a ring of flight
 E - a ring of poison resistance
Wands
 t - a wand of mindburst (23)
 B - a wand of polymorph (6)
Scrolls
 f - 4 scrolls of enchant armour
 v - a scroll of fear {unknown}
 z - 2 scrolls of immolation
 C - a scroll of fog {unknown}
 G - a scroll of blinking
 H - 2 scrolls of identify
 I - a scroll of torment {unknown}
 J - a scroll of poison {unknown}
Potions
 g - 5 potions of curing
 j - a potion of flight
 k - a potion of cancellation
 l - a potion of resistance
 n - a potion of mutation
 o - a potion of brilliance {unknown}
 s - a potion of lignification
 w - a potion of haste
 x - a potion of ambrosia {unknown}
 A - a potion of berserk rage {unknown}
 D - a potion of degeneration {unknown}
 F - a potion of heal wounds


   Skills:
 - Level 4.0 Fighting
 - Level 6.0 Short Blades
 - Level 1.7 Throwing
 + Level 1.0 Armour
 - Level 4.0 Dodging
 - Level 2.0 Stealth
 - Level 3.0 Shields
 - Level 3.0 Evocations


You had 7 spell levels left.
You didn't know any spells.
Your spell library was empty.

Dungeon Overview and Level Annotations

Branches:
Dungeon (6/15)
 Temple: D:4-7

Altars:
Cheibriados
Okawaru
Yredelemnul

Shops:
D:1 :

Annotations:
D:6 3 runed translucent doors, Encipher's ghost, novice DsRe


Innate Abilities, Weirdness & Mutations

You have sharp fingernails.
You are surrounded by a moderate repulsion field. (EV +3)
Your flesh is cold resistant. (rC+)


Message History

The gnoll bouda completely misses you.
You hit the gnoll bouda but do no damage.
The gnoll bouda is almost dead.
You closely miss the gnoll bouda.
The gnoll bouda is almost dead.
You barely miss the gnoll bouda.
The gnoll bouda is almost dead.
Your attacks no longer feel as feeble.
The gnoll bouda barely misses you.
You hit the gnoll bouda but do no damage.
The gnoll bouda is almost dead.
You hit the gnoll bouda but do no damage.
The gnoll bouda is almost dead.
The gnoll bouda closely misses you.
You hit the gnoll bouda but do no damage.
The gnoll bouda is almost dead.
You hit the gnoll bouda but do no damage.
The gnoll bouda is almost dead.
The gnoll bouda utters an invocation to its god.
The gnoll bouda is healed somewhat.
You hit the gnoll bouda. You freeze the gnoll bouda.
The gnoll bouda is severely wounded.
You hit the gnoll bouda. You freeze the gnoll bouda.
You kill the gnoll bouda!
Okawaru accepts your kill.
Your Armour skill increases to level 1!
You closely miss the orc priest. You hit the orc priest.
You freeze the orc priest.
The orc priest is lightly wounded.
You hit the orc priest. You freeze the orc priest.
The orc priest is moderately wounded.
The orc warrior hits you from afar with a +0 glaive!
* * * LOW HITPOINT WARNING * * *
You hit the orc priest but do no damage.
The orc priest is moderately wounded.
You hit the orc priest but do no damage.
The orc priest is moderately wounded.
You block the orc priest's attack.
The orc warrior hits you from afar with a +0 glaive!
You die...

# #...#####..# #.
#[gg#...#..#
#.###.#.....#.##
##...###...##..###
#.....#.###.#....###
#...#...#...#...#......
#.. #####...#...#....##
#...#...#...#...#......
#..@..#.###.#......#
##)o.###...###....##
#o###.#.....#.......
#.o #...#...#.##.#.##
####. #...#####......##
..#. #...#...#.##.####
...#.###.#.....###.# #
.#
.###...###...##...####
.#.
##.#.....#.###.##......


You could see an orc warrior, an orc priest and an orc.

Vanquished Creatures
  A wyvern (D:6)
  An ogre (D:5)
  A phantom (D:5)
  A necrophage (D:6)
  A scorpion (D:3)
  3 hounds
  3 jellies
  2 gnoll boudas
  2 orc priests
  Ijyb (D:3)
  2 iguanas
  An orc wizard (D:3)
  4 gnolls (D:6)
  9 adders
  2 white imps
  An ufetubus (D:5)
  4 worms
  4 dart slugs
  12 orcs
  5 endoplasms
  5 giant cockroaches
  3 goblins (D:1)
  4 hobgoblins
  4 jackals (D:1)
  6 quokkas
  3 ball pythons
  9 bats
  3 frilled lizards
  2 kobolds
  3 rats
102 creatures vanquished.

Vanquished Creatures (others)
  15 plants (D:6)
15 creatures vanquished.

Grand Total: 117 creatures vanquished

Notes
Turn   | Place    | Note
-------+----------+-------------------------------------------
     0 | D:1      | Newt the Demonspawn Gladiator began the quest for the Orb.
     0 | D:1      | Reached XP level 1. HP: 16/16 MP: 1/1
    84 | D:1      | Found Puckumuts's Book Emporium.
   153 | D:1      | Reached skill level 1 in Stealth
   488 | D:1      | Gained mutation: You have sharp fingernails. [demonic
                  | ancestry]
   488 | D:1      | Reached XP level 2. HP: 22/22 MP: 2/2
  1178 | D:1      | Gained mutation: You are surrounded by a mild repulsion
                  | field. (EV +2) [demonic ancestry]
  1178 | D:1      | Reached XP level 3. HP: 28/28 MP: 3/3
  1537 | D:2      | Reached XP level 4. HP: 24/37 MP: 4/4
  1883 | D:2      | Found a faded altar of an unknown god.
  2319 | D:3      | Found an iron altar of Okawaru.
  2326 | D:3      | Noticed Ijyb
  2349 | D:3      | Killed Ijyb
  2350 | D:3      | Reached skill level 1 in Shields
  2360 | D:3      | Became a worshipper of Warmaster Okawaru
  2445 | D:3      | Found a basalt altar of Yredelemnul.
  2569 | D:3      | Noticed a scorpion
  2576 | D:3      | Killed a scorpion
  2577 | D:3      | Reached XP level 5. HP: 25/42 MP: 5/5
  2580 | D:3      | Reached skill level 1 in Evocations
  2747 | D:3      | Identified a scroll of acquirement
  2747 | D:3      | Acquired a +1 quick blade of freezing
  2832 | D:3      | HP: 2/42 [orc priest/+0 flail (8)]
  2838 | D:3      | Reached XP level 6. HP: 3/48 MP: 6/6
  4400 | D:5      | Entered Level 5 of the Dungeon
  4488 | D:5      | Reached * piety under Okawaru
  4489 | D:5      | Reached skill level 3 in Short Blades
  4585 | D:5      | Gained mutation: You are weak. (Str -2) [potion of
                  | mutation]
  4585 | D:5      | Lost mutation: You are weak. (Str -2) [potion of mutation]
  4585 | D:5      | Gained mutation: Your flesh is cold resistant. (rC+)
                  | [potion of mutation]
  4658 | D:5      | Reached skill level 4 in Short Blades
  4658 | D:5      | Reached XP level 7. HP: 23/54 MP: 7/7
  5101 | D:5      | Reached skill level 5 in Short Blades
  5387 | D:6      | Noticed a wyvern
  5402 | D:6      | Killed a wyvern
  5604 | D:6      | Found a runed translucent gate.
  5605 | D:6      | Found a runed translucent gate.
  5605 | D:6      | Found a snail-covered altar of Cheibriados.
  5605 | D:6      | Noticed Encipher's ghost (novice DsRe)
  5606 | D:6      | Found a runed translucent gate.
  5633 | D:6      | Reached skill level 6 in Short Blades
  6273 | D:6      | Reached ** piety under Okawaru
  6274 | D:6      | Gained mutation: You are surrounded by a moderate repulsion
                  | field. (EV +3) [demonic ancestry]
  6274 | D:6      | Reached XP level 8. HP: 33/60 MP: 8/8
  6653 | D:6      | Reached skill level 1 in Armour
  6657 | D:6      | Slain by an orc warrior

Illustrated notes

Levels and vault maps discovered:
D:1:      minmay_arrival_up_and_down, layout_basic, serial_shops,
          nicolae_shop_waterfront
D:2:      layout_loops_ring, shapermc_ecumenical_altar_ellora,
          grunt_ministairs_11
D:3:      kb_forest_paths, layout_loops_corners, mainiacjoe_overflow_chevrons,
          old_standard_altar, uniq_ijyb
D:4:      layout_loops_corners
D:5:      layout_cave_pools
D:6:      nicolae_cairo_tiling, layout_loops_cross, cheibriados_altar_1,
          serial_shops, shop_fountains, biasface_ghost_orc_armoury,
          nicolae_grassy_gnolls, uniq_menkaure, uniq_sigmund

Skill      XL: |  1  2  3  4  5  6  7  8 |
---------------+-------------------------+-----
Stealth        | 1 2 |  2.0
Fighting       | 3 4 |  4.0
Shields        | 2 3 |  3.0
Evocations     | 2 3 |  3.0
Short Blades   | 4 6 |  6.0
Dodging        | 3 4 |  4.0
Armour         | 1 |  1.0
Throwing       | |  1.7

Action                   |  1- 3 |  4- 6 |  7- 9 || total
-------------------------+-------+-------+-------++-------
Melee: Rapier            |    25 |       |       ||    25
       Dagger            |    79 |    66 |       ||   145
       Punch             |     3 |       |       ||     3
       Quick blade       |       |   142 |   296 ||   438
Throw: Javelin           |     1 |     1 |     1 ||     3
       Throwing net      |       |     4 |       ||     4
Evoke: Wand              |       |     2 |       ||     2
  Use: Scroll            |     1 |     6 |     1 ||     8
       Potion            |       |     7 |     1 ||     8
 Stab: Sleeping          |     8 |     4 |       ||    12
Armor: Leather armour    |    37 |    34 |    27 ||    98
Dodge: Dodged            |    66 |    82 |    89 ||   237
Block: Buckler           |     2 |    18 |    32 ||    52

Table legend: (Time is in decaauts)
 A = Elapsed time spent in this place.
 B = Non-inter-level travel time spent in this place.
 C = Inter-level travel time spent in this place.
 D = Time resting spent in this place.
 E = Time spent auto-exploring this place.
 F = Levels seen in this place.
 G = Mean time per level.
                   A        B        C        D        E       F      G
               +--------+--------+--------+--------+--------+-----+--------+
         Total |   6413 |   6264 |    149 |   1622 |   3735 |   6 | 1068.8 |
       Dungeon |   6413 |   6264 |    149 |   1622 |   3735 |   6 | 1068.8 |
               +--------+--------+--------+--------+--------+-----+--------+

Top non-repeatable levels by time:
     D:5: 1551 daAuts
     D:3: 1522 daAuts
     D:1: 1199 daAuts
     D:2: 879 daAuts
     D:4: 753 daAuts
     D:6: 506 daAuts
